 Dungeon Crawl Stone Soup version 0.29-a0-982-gaed3a0c8d8 (webtiles) character file.

Game seed: 15462894686582019861

131 flotson the Sneak (level 4, 0/37 HPs)
             Began as a Demonspawn Delver on Aug 1, 2022.
             Slain by an adder (2 damage)
             ... in a sewer.
             The game lasted 00:03:08 (1689 turns).

flotson the Sneak (Demonspawn Delver)               Turns: 1689, Time: 00:03:09

Health: 0/37       AC:  3    Str: 14    XL:     4   Next: 91%
Magic:  4/4        EV: 12    Int: 12    God:
Gold:   72         SH:  0    Dex: 14    Spells: 3/3 levels left

rFire   + . .      SeeInvis .   a - +0 spear
rCold   + . .      Faith    .   (no shield)
rNeg    . . .      Spirit   .   b - +0 leather armour
rPois   +          Reflect  .   (helmet restricted)
rElec   +          Harm     .   (no cloak)
rCorr   +          Rampage  .   (no gloves)
Will    .....                   (no boots)
Stlth   ++........              (no amulet)
HPRegen 0.12/turn               (no ring)
MPRegen 0.09/turn               (no ring)

@: lethally poisoned (0 -> -7), resistant
A: horns 1, ignite blood 1, weakness stinger 1
a: no special abilities


You were in a sewer.
You visited 1 branch of the dungeon, and saw 3 of its levels.
You also visited: Sewer.

You collected 72 gold pieces.

Inventory:

Hand Weapons
 a - a +0 spear (weapon)
Missiles
 i - 7 poisoned darts (quivered)
Armour
 b - a +0 leather armour (worn)
Wands
 g - a wand of digging (3)
Scrolls
 c - a scroll of fog
 e - a scroll of fear
 h - 7 scrolls of identify {unknown}
 k - a scroll of teleportation {unknown}
 l - a scroll of brand weapon {unknown}


   Skills:
 + Level 3.8 Fighting
 - Level 1.7 Polearms
 + Level 1.0 Throwing
 + Level 1.6 Armour
 + Level 2.6 Dodging
 - Level 4.5 Stealth
 + Level 1.9 Evocations


You had 3 spell levels left.
You didn't know any spells.
Your spell library contained the following spells:

 Spells                   Type           Power      Damage    Failure   Level
 Ignite Poison            Fire/Tmut/Pois 0%         N/A       77%         3
 Mephitic Cloud           Conj/Pois/Air  0%         N/A       77%         3
 Freezing Cloud           Conj/Ice/Air   0%         6-21      100%        5


Dungeon Overview and Level Annotations

Branches:
Dungeon (5/15)              Sewer (1/1)
 Temple: D:4-7

Altars:
Wu Jian


Innate Abilities, Weirdness & Mutations

You have a pair of small horns on your head.
Your demonic aura sometimes causes spilled blood to erupt in flames.
You have a small tail.


Message History

The adder barely misses you. The adder closely misses you.
You miss the adder.
Your tail-slap misses the adder.
The adder is almost dead.
The adder completely misses you. The adder barely misses you. x2
The adder bites you.
You are poisoned.
The adder poisons you!
You completely miss the adder. Your headbutt misses the adder.
The adder is almost dead.
You feel sick. The adder misses you. The adder closely misses you.
You closely miss the adder.
Your tail-slap misses the adder.
The adder is almost dead.
You feel sick. The adder misses you. The adder closely misses you.
You hit the adder.
You kill the adder!
You feel sick. The adder closely misses you. The adder bites you.
* * * LOW HITPOINT WARNING * * *
You are more poisoned.
The adder poisons you! The adder misses you.
Your Throwing skill increases to level 1!
As you read the scroll labelled GUNEIN AGRI, it crumbles to dust.
Wisps of shadow whirl around you...
It was a scroll of summoning.
* * * LOW HITPOINT WARNING * * *
You feel sick. The adder barely misses you. The adder bites you.
* * * LOW HITPOINT WARNING * * *
You are more poisoned.
The adder poisons you!
It was a potion of resistance.
You feel protected.
* * * LOW HITPOINT WARNING * * *
You feel sick. The adder bites you.
* * * LOW HITPOINT WARNING * * *
The adder barely misses you.
Your quokka closely misses the adder.
Your frilled lizard barely misses the adder.
You hit the adder but do no damage.
* * * LOW HITPOINT WARNING * * *
You feel sick. The adder bites you but does no damage.
The adder closely misses you.
Your quokka barely misses the adder.
The adder bites you.
You die...

≈≈≈≈# #≈≈≈# #### ###### #≈≈≈#
#... #....# #≈≈.#
#####''#####''#####≈≈≈#
#∩........S....≈.≈≈≈≈≈# ≈#
#∩........S.rl..≈≈≈≈≈.# ≈#
#####++#####Sw#####≈≈≈# ≈# #@S..#
#≈≈.# ≈# ###### #≈≈≈#
≈#######################≈≈≈######
≈≈≈≈.≈≈≈.≈.≈≈≈≈≈≈≈≈..†.≈≈≈≈≈≈≈≈≈≈
≈≈≈≈≈≈≈≈≈≈≈≈≈≈≈≈≈≈≈≈≈≈≈≈≈≈≈≈≈≈≈≈≈
.††..≈≈.≈≈≈†≈≈≈≈≈≈.≈.≈≈≈≈≈≈≈≈≈≈≈≈
#################################


You could see 2 adders, a friendly worm (summoned), a friendly quokka (summoned)
and a friendly frilled lizard (summoned).

Vanquished Creatures
  A hound (D:4)
  3 adders
  5 river rats (Sewer)
  An orc (D:3)
  4 ball pythons
  3 giant cockroaches
  A goblin (D:4)
  A jackal (Sewer)
  2 kobolds (D:4)
  2 quokkas (Sewer)
  7 bats (Sewer)
  2 frilled lizards (Sewer)
32 creatures vanquished.

Vanquished Creatures (others)
  7 plants (D:5)
7 creatures vanquished.

Grand Total: 39 creatures vanquished

Notes
Turn   | Place    | Note
-------+----------+-------------------------------------------
     0 | D:5      | flotson the Demonspawn Delver began the quest for the Orb.
     0 | D:5      | Reached XP level 1. HP: 18/18 MP: 1/1
    70 | D:5      | Noticed an orc wizard
    78 | D:5      | Noticed a hound
   113 | D:4      | Killed a hound
   114 | D:4      | Reached skill level 1 in Armour
   114 | D:4      | Reached skill level 1 in Evocations
   114 | D:4      | Gained mutation: Your demonic aura sometimes causes spilled
                  | blood to erupt in flames. [demonic ancestry]
   114 | D:4      | Reached XP level 2. HP: 15/24 MP: 2/2
   114 | D:4      | Discovered your monstrous ancestry.
   114 | D:4      | Gained mutation: You have a pair of small horns on your
                  | head. [demonic ancestry]
   114 | D:4      | Reached XP level 3. HP: 18/29 MP: 3/3
   264 | D:4      | Found an ornate altar of the Wu Jian Council.
   559 | D:3      | Found a glowing drain.
   589 | Sewer    | Entered a sewer
   673 | Sewer    | Gained mutation: You have a small tail. [demonic ancestry]
   673 | Sewer    | Reached XP level 4. HP: 15/36 MP: 4/4
  1687 | Sewer    | Reached skill level 1 in Throwing
  1689 | Sewer    | Slain by an adder

Illustrated notes

Levels and vault maps discovered:
D:3:      layout_basic, gammafunk_ghost_abyssal_escape,
          cheibrodos_sewer_entry_bend, uniq_terence
D:4:      layout_cave_pools, mainiacjoe_overflow_six_doors_small
D:5:      layout_basic, mainiacjoe_overflow_cross_hatched,
          vehumet_altar_wand_db, uniq_menkaure, uniq_crazy_yiuf_cottage
Sewer:    sewer_fruit_machine

Skill      XL: |  1  2  3  4 |
---------------+-------------+-----
Armour         | 1 |  1.6
Dodging        | 2 |  2.6
Evocations     | 1 |  1.9
Throwing       | 1 |  1.0
Fighting       | |  3.8
Polearms       | |  1.7
Stealth        | |  4.5

Action                   |  1- 3 |  4- 6 || total
-------------------------+-------+-------++-------
Melee: Spear             |    84 |    84 ||   168
       Headbutt          |     9 |     6 ||    15
       Tailslap          |       |     6 ||     6
       Punch             |       |     2 ||     2
Throw: Dart              |       |     2 ||     2
  Use: Potion            |     1 |     3 ||     4
       Scroll            |     1 |     2 ||     3
Armor: Leather armour    |    15 |    15 ||    30
Dodge: Dodged            |    50 |    64 ||   114

Table legend: (Time is in decaauts)
 A = Elapsed time spent in this place.
 B = Non-inter-level travel time spent in this place.
 C = Inter-level travel time spent in this place.
 D = Time resting spent in this place.
 E = Time spent auto-exploring this place.
 F = Levels seen in this place.
 G = Mean time per level.
                   A        B        C        D        E       F      G
               +--------+--------+--------+--------+--------+-----+--------+
         Total |   1736 |   1736 |      0 |    101 |   1180 |   4 |  434.0 |
       Dungeon |    571 |    571 |      0 |    101 |    274 |   3 |  190.3 |
         Sewer |   1164 |   1164 |      0 |      0 |    905 |   1 | 1164.0 |
               +--------+--------+--------+--------+--------+-----+--------+

Top non-repeatable levels by time:
   Sewer: 1164 daAuts
     D:4: 372 daAuts
     D:3: 100 daAuts
     D:5: 99 daAuts
